 Dungeon Crawl Stone Soup version 0.30-a0-364-gf6b3ef1049 (webtiles) character file.

Game seed: 251561140055826737

441 NinjaNoafa the Cudgeller (level 6, -1/53 HPs)
             Began as an Armataur Fighter on Nov 15, 2022.
             Slain by Terence
             ... wielding a +0 mace
              (4 damage)
             ... on level 3 of the Dungeon.
             The game lasted 00:06:12 (1981 turns).

NinjaNoafa the Cudgeller (Armataur Fighter)         Turns: 1981, Time: 00:06:12

Health: -1/53      AC:  8    Str: 21 (23) XL:     6   Next: 70%
Magic:  6/6        EV:  7    Int:  8 (14) God:
Gold:   198        SH:  3    Dex:  4 (10) Spells: 5/5 levels left

rFire   . . .      SeeInvis .    a - +0 flail
rCold   . . .      Faith    .    c - +0 buckler
rNeg    . . .      Spirit   .    b - +0 scale mail
rPois   .          Reflect  .    (no helmet)
rElec   .          Harm     .    s - +0 cloak
rCorr   +          Roll     +    (no gloves)
Will    .....                    (no barding)
Stlth   ..........               k - amulet of regeneration
HPRegen 1.08/turn                j - +6 ring of intelligence
MPRegen 0.10/turn                z - ring of resist corrosion

@: mighty
A: large, rugged brown scales 3, deformed body, armoured tail, roll, long
tongue, awkward tongue
a: no special abilities


You were on level 3 of the Dungeon.
You visited 1 branch of the dungeon, and saw 4 of its levels.

You collected 198 gold pieces.

Inventory:

Hand Weapons
 a - a +0 flail (weapon)
Missiles
 e - 22 stones
 n - 15 poisoned darts
 t - 3 curare-tipped darts (quivered)
 x - 3 boomerangs
Armour
 b - a +0 scale mail (worn)
 c - a +0 buckler (worn)
 s - a +0 cloak (worn)
Jewellery
 j - a +6 ring of intelligence (left hand)
 k - an amulet of regeneration (around neck)
 z - a ring of resist corrosion (right hand)
Wands
 y - a wand of digging (3)
Scrolls
 f - a scroll of blinking
 p - a scroll of identify
 q - a scroll of teleportation {unknown}
 v - a scroll of enchant weapon {unknown}
Potions
 h - a potion of attraction
 i - 4 potions of resistance
 l - 2 potions of heal wounds {unknown}
 m - a potion of degeneration
 o - 2 potions of lignification {unknown}
 r - a potion of invisibility {unknown}
 u - 2 potions of haste {unknown}
 w - a potion of flight {unknown}


   Skills:
 - Level 2.6 Fighting
 + Level 4.3(5.1) Axes
 - Level 4.4(5.4) Maces & Flails
 - Level 3.6 Armour
 - Level 3.2 Shields


You had 5 spell levels left.
You didn't know any spells.
Your spell library contained the following spells:

 Spells                   Type           Power      Damage    Failure   Level
 Magic Dart               Conj           0%         1d3       82%         1
 Call Imp                 Summ           0%         N/A       91%         2
 Mephitic Cloud           Conj/Pois/Air  0%         N/A       99%         3


Dungeon Overview and Level Annotations

Branches:
Dungeon (4/15)
 Temple: D:4-7

Altars:
Dithmenos
Okawaru
Yredelemnul

Shops:
D:2 (   D:3 [=

Annotations:
D:3 Terence


Innate Abilities, Weirdness & Mutations

You are completely covered in rugged brown scales. (AC +3, +7% HP)
Armour fits poorly on your strangely shaped body.
You have a long armoured tail.
You roll when moving toward enemies. (Rampage)
Your long tongue fully drains potion bottles. (2x potion effects)
Your tongue gives you trouble enunciating. (1.5x scroll delay)


Message History

Terence hits you but does no damage. Terence closely misses you.
You hit Terence but do no damage.
Terence is severely wounded.
Terence hits you with a +0 mace! You block Terence's attack.
You closely miss Terence.
Terence is severely wounded.
Terence hits you with a +0 mace.
You closely miss Terence.
Your tail-slap misses Terence.
Terence is severely wounded.
Terence hits you with a +0 mace!
* * * LOW HITPOINT WARNING * * *
You block Terence's attack.
You barely miss Terence.
Terence is severely wounded.
Terence hits you with a +0 mace.
* * * LOW HITPOINT WARNING * * *
Terence hits you but does no damage.
You slurp down every last drop of the potion of curing!
You feel better. Terence hits you with a +0 mace.
You closely miss Terence.
Terence is severely wounded.
Terence barely misses you. Terence hits you with a +0 mace!
You hit Terence but do no damage.
Terence is severely wounded.
Terence hits you with a +0 mace! Terence hits you with a +0 mace.
* * * LOW HITPOINT WARNING * * *
Terence attacks as you move away! Terence hits you but does no damage.
You see here 15 gold pieces.
You slurp down every last drop of the potion of might!
You feel very mighty all of a sudden. Terence barely misses you.
Terence hits you with a +0 mace!
* * * LOW HITPOINT WARNING * * *
You slurp down every last drop of the 2 bubbling sapphire potions!
It was a potion of degeneration.
There was something very wrong with that liquid.
You feel weakened.
You feel dopey.
You feel clumsy. Terence hits you with a +0 mace.
* * * LOW HITPOINT WARNING * * *
Terence hits you with a +0 mace.
You die...

#### ####...# ### #...
#..###..##..### ...#...
####.##.##.##.#.. # .
#.#...
#_.##.##.##...#.# .##.#
#.....
###.##†##.#####.##....#
###>.. #...#...# #....#
###... #########
#.#.### #...## #@....#
#.### #@###########.#
#.............#
###############


You could see Terence (berserk).

Vanquished Creatures
  Grinder (D:3)
  Crazy Yiuf (D:2)
  Jessica (D:2)
  An iguana (D:4)
  Natasha (thrice) (D:2)
  6 adders
  A worm (D:2)
  2 dart slugs (D:1)
  2 orcs (D:3)
  6 endoplasms
  6 goblins
  10 hobgoblins
  A quokka (D:2)
  4 ball pythons
  4 bats
  A frilled lizard (D:3)
  7 kobolds
  7 rats
64 creatures vanquished.

Vanquished Creatures (others)
  A plant (D:1)
  5 toadstools (D:1)
6 creatures vanquished.

Grand Total: 70 creatures vanquished

Notes
Turn   | Place    | Note
-------+----------+-------------------------------------------
     0 | D:1      | NinjaNoafa the Armataur Fighter began the quest for the
                  | Orb.
     0 | D:1      | Reached XP level 1. HP: 19/19 MP: 1/1
    93 | D:1      | Reached XP level 2. HP: 26/26 MP: 2/2
   695 | D:2      | Reached XP level 3. HP: 32/32 MP: 3/3
   702 | D:2      | Found a faded altar of an unknown god.
   706 | D:2      | Noticed Natasha
   710 | D:2      | Killed Natasha
   780 | D:2      | Found Toothrel's Antique Weapon Boutique.
   780 | D:2      | Noticed Natasha
   798 | D:2      | Reached XP level 4. HP: 39/39 MP: 4/4
   813 | D:2      | Killed Natasha
   871 | D:2      | Noticed Jessica
   882 | D:2      | Killed Jessica
   883 | D:2      | Reached skill level 1 in Axes
   917 | D:2      | Reached XP level 5. HP: 44/44 MP: 5/5
   972 | D:2      | Found a runed translucent door.
   973 | D:2      | Noticed Crazy Yiuf
  1024 | D:2      | You fall into a shaft and drop 2 floors!
  1208 | D:3      | Found Joibysul's Jewellery Boutique.
  1288 | D:2      | Noticed Natasha
  1294 | D:2      | Killed Natasha
  1534 | D:2      | Killed Crazy Yiuf
  1601 | D:3      | Found a basalt altar of Yredelemnul.
  1603 | D:3      | Found an iron altar of Okawaru.
  1677 | D:3      | Found a shadowy altar of Dithmenos.
  1747 | D:3      | Noticed Grinder
  1748 | D:3      | Paralysed by Grinder for 2 turns
  1763 | D:3      | Killed Grinder
  1764 | D:3      | Reached XP level 6. HP: 41/53 MP: 6/6
  1822 | D:3      | Found Rutichi's Armour Shop.
  1961 | D:3      | Noticed Terence
  1981 | D:3      | Slain by Terence

Illustrated notes

Levels and vault maps discovered:
D:1:      ldierk_walled_garden, layout_rooms, serial_bayou_pond_e
D:2:      layout_loops_ring, hellmonk_ecumenical_altar_pennies_from_heaven,
          serial_shops, shop, uniq_jessica, uniq_crazy_yiuf_cottage,
          uniq_natasha
D:3:      layout_basic, minitemple, marbit_many_paths, serial_shops, shop, shop,
          shop_fountains, lemuel_flame_loot_1, uniq_grinder, uniq_terence
D:4:      layout_gridville, minivault_14

Skill      XL: |  1  2  3  4  5 |
---------------+----------------+-----
Maces & Flails | 2 3 4 |  4.4
Axes           | 1 4 |  4.3
Fighting       | |  2.6
Armour         | |  3.6
Shields        | |  3.2

Action                   |  1- 3 |  4- 6 || total
-------------------------+-------+-------++-------
Melee: Flail             |    57 |   148 ||   205
       Tailslap          |     7 |    16 ||    23
Throw: Stone             |     1 |       ||     1
       Dart              |     8 |     7 ||    15
  Use: Scroll            |     3 |     1 ||     4
       Potion            |       |     3 ||     3
Armor: Scale mail        |    35 |    61 ||    96
Dodge: Dodged            |    17 |    41 ||    58
Block: Buckler           |    10 |    29 ||    39

Table legend: (Time is in decaauts)
 A = Elapsed time spent in this place.
 B = Non-inter-level travel time spent in this place.
 C = Inter-level travel time spent in this place.
 D = Time resting spent in this place.
 E = Time spent auto-exploring this place.
 F = Levels seen in this place.
 G = Mean time per level.
                   A        B        C        D        E       F      G
               +--------+--------+--------+--------+--------+-----+--------+
         Total |   2031 |   1963 |     68 |      0 |   1405 |   4 |  507.8 |
       Dungeon |   2031 |   1963 |     68 |      0 |   1405 |   4 |  507.8 |
               +--------+--------+--------+--------+--------+-----+--------+

Top non-repeatable levels by time:
     D:2: 963 daAuts
     D:1: 474 daAuts
     D:3: 405 daAuts
     D:4: 188 daAuts
